AoeStats
← saschauli

Arena

510261492Analyzed
1v1 RM · 3d ago on Sep 30, 2026· 46m 32s· 2 players
Game mode
Random Map
Map size
Tiny (2 player)
Population
200
Speed
Normal
Resources
Standard
Victory
Conquest
Starting age
Dark Age
Ending age
Imperial Age
RankedLock teamsTeams togetherTeam positionsShared explorationLock speedFull tech treeHidden civsTurbo modeCheats
Victory
Defeat
🇩🇪 Poles · Germany
917
+15
🇨🇴 Bengalis · Colombia
903
-15
Jason
11:10 Feudal Age
12:42 Town Watch
17:32 Castle Age
15:24 Double-Bit Axe
15:35 Stone Mining
15:53 Horse Collar
16:56 Loom
18:44 Gold Mining
27:42 Wheelbarrow
29:59 Bow Saw
30:35 Town Patrol
33:41 Imperial Age
32:46 Heavy Plow
33:23 Gold Shaft Mining
33:31 Hand Cart
36:30 Bloodlines
36:30 Scale Barding Armor
36:35 Forging
37:31 Chemistry
37:25 Scale Mail Armor
37:47 Pikeman
38:14 Arson
38:30 Halberdier
40:18 Crop Rotation
40:54 Two-Man Saw
41:19 Conscription
41:01 Herbal Medicine
41:10 Squires
41:53 Fervor
42:08 Sanctity
44:07 Iron Casting
43:48 Chain Mail Armor
47:58 Blast Furnace
saschauli
10:02 Feudal Age
10:46 Horse Collar
17:25 Castle Age
15:30 Double-Bit Axe
15:51 Stone Mining
16:02 Loom
16:43 Forging
17:09 Scale Barding Armor
22:20 Heavy Plow
27:46 Fletching
27:57 Scale Mail Armor
30:49 Imperial Age
27:46 Light Cavalry
28:27 Husbandry
28:53 Bow Saw
28:37 Gold Mining
29:26 Bloodlines
31:28 Iron Casting
32:25 Chain Barding Armor
33:52 Crop Rotation
34:54 Blast Furnace
34:39 Conscription
34:10 Winged Hussar
38:31 Wheelbarrow
38:51 Lechitic Legacy
39:02 Elite Obuch
40:09 Hand Cart
41:10 Chain Mail Armor
40:51 Bodkin Arrow
44:15 Squires
45:22 Town Watch
46:18 Plate Mail Armor
45:49 Bracer
Connection lost

Rejoining the realm…

Still unreachable

The connection could not be restored.

Session expired

The server has moved on; the page needs a fresh start.